 Dungeon Crawl Stone Soup version 0.18.1-5-g4a78601 (webtiles) character file.

284 xveg the Ducker (level 6, -2/61 HPs)
             Began as a Troll Berserker on May 11, 2016.
             Was a Priest of Trog.
             Slain by an ogre
             ... wielding a +0 giant club
              (21 damage)
             ... on level 4 of the Dungeon.
             The game lasted 00:18:18 (2519 turns).

xveg the Ducker (Troll Berserker)                   Turns: 2519, Time: 00:18:18

Health: -2/61      AC: 13    Str: 31    XL:     6   Next: 7%
Magic:  5/5        EV: 11    Int:  3    God:    Trog [***...]
Gold:   172        SH:  0    Dex: 10    Spells: 0 memorised, 5 levels left

rFire  . . .     SeeInvis .     n - +2 mace (protect)
rCold  . . .     Gourm    +     b - +0 animal skin
rNeg   . . .     Faith    .     (no shield)
rPois  .         Spirit   .     (helmet restricted)
rElec  .         Dismiss  .     (no cloak)
rCorr  .         Reflect  .     (gloves unavailable)
SustAt .         Harm     +     (boots unavailable)
MR     .....                    t - amulet of harm
Stlth  +.........               z - +3 ring of protection
                                B - +4 ring of strength

@: not resistant to hostile enchantments, very unstealthy
A: unfitting armour, claws 3, fast metabolism 3, gourmand, regeneration 2,
shaggy fur 1, tough skin 2
a: Berserk, Trog's Hand, Burn Spellbooks, Renounce Religion


You were on level 4 of the Dungeon.
You worshipped Trog.
Trog was most pleased with you.
You were not hungry.

You visited 1 branch of the dungeon, and saw 4 of its levels.

You collected 172 gold pieces.

Inventory:

Hand Weapons
 a - a +0 mace
 e - a -3 mace
 m - a +0 hunting sling
 n - a +2 mace of protection (weapon)
 o - a +0 mace of draining
 p - a cursed +0 hunting sling
 D - the +9 rapier "Safiemai" {freeze, MR+ Str+4, unknown}
   (You found it on level 4 of the Dungeon)

   It has been specially enchanted to freeze those struck by it, causing extra
   injury to most foes and up to half again as much damage against particularly
   susceptible opponents.
   It can also slow down cold-blooded creatures.
   It affects your strength (+4).
   It affects your resistance to hostile enchantments.
Missiles
 s - 105 stones (quivered)
Armour
 b - a +0 animal skin (worn)
Jewellery
 t - an amulet of harm (around neck)
 z - a +3 ring of protection (right claw)
 B - a +4 ring of strength (left claw)
Wands
 h - a wand of random effects (14/48)
 A - a wand of acid (5/15)
Scrolls
 i - a scroll of teleportation
 k - 2 scrolls of remove curse
 l - 2 scrolls of fear
 q - a scroll of blinking {unknown}
 x - a scroll of recharging {unknown}
 y - a scroll of identify
 E - a scroll of noise {unknown}
Potions
 c - a potion of might {unknown}
 d - a potion of heal wounds {unknown}
 f - a potion of cancellation {unknown}
 j - a potion of curing {unknown}
 u - a potion of brilliance {unknown}
 v - a potion of agility {unknown}
 C - 2 potions of lignification {unknown}
Comestibles
 g - 7 fruits
 r - 2 slices of pizza
 w - 3 bread rations


   Skills:
 + Level 3.4 Fighting
 + Level 3.3 Maces & Flails
 + Level 4.7 Dodging
 + Level 0.2 Stealth


You had 5 spell levels left.
You didn't know any spells.

Dungeon Overview and Level Annotations

Branches:
Dungeon (4/15)
 Temple: D:4-7

Altars:
Sif Muna
The Shining One


Innate Abilities, Weirdness & Mutations

You are too large for most types of armour.
You have claws for hands.
Your metabolism is lightning-fast.
You like to eat raw meat.
You heal very quickly.
You are covered in fur (AC +1).
You have very tough skin (AC +2).


Message History

An ogre comes into view. It is wielding a giant club.
The ogre shouts!
The ogre hits you with a giant club.
You barely miss the ogre. The ogre hits you with a giant club!
You hit the ogre.
The ogre is moderately wounded.
The ogre hits you with a giant club!
You hit the ogre.
The ogre is moderately wounded.
You completely miss the ogre.
The ogre is moderately wounded.
The ogre hits you with a giant club!
* * * LOW HITPOINT WARNING * * *
You sock the ogre!
The ogre is severely wounded.
The ogre closely misses you.
You hit the ogre.
The ogre is almost dead.
The ogre hits you with a giant club!
You die...

.............
...>...##.##. .#
.###.#.##.# ##.#
..##......# #...
..##.#.#### #..
.....#.# #..
#.####.. #.# ..##
####### #O# ...#
#.....# #@#
##.###.....# #.#
...........# #.###
.#.###.....# #<..#
...# #.....# ###.#
.########### #.#
....# ######### #.#
.##.####.......# #.#
.##........###.###)#


You could see an ogre.

Vanquished Creatures
  Crazy Yiuf (D:3)
  Jessica (D:3)
  Terence (D:3)
  Natasha (twice) (D:3)
  An iguana (D:4)
  Robin (D:3)
  An adder (D:2)
  A white imp (D:4)
  An ooze (D:1)
  2 worms (D:2)
  2 dart slugs
  5 giant geckos
  3 orcs (D:4)
  11 bats
  3 giant cockroaches
  15 goblins
  5 hobgoblins
  3 jackals (D:3)
  4 kobolds
  2 quokkas
  2 ball pythons (D:2)
  4 giant newts
  A goblin skeleton (D:4)
  2 goblin zombies (D:4)
  3 hobgoblin zombies (D:4)
  An orc skeleton (D:4)
  8 rats
86 creatures vanquished.

Vanquished Creatures (others)
  A goblin (D:3)
1 creature vanquished.

Grand Total: 87 creatures vanquished

Notes
Turn   | Place    | Note
--------------------------------------------------------------
     0 | D:1      | xveg the Troll Berserker began the quest for the Orb.
     0 | D:1      | Reached XP level 1. HP: 22/22 MP: 0/0
   136 | D:1      | Reached XP level 2. HP: 27/29 MP: 1/1
   637 | D:1      | Reached skill level 3 in Dodging
   639 | D:1      | Reached XP level 3. HP: 32/36 MP: 2/2
   698 | D:2      | Reached ** piety under Trog
  1324 | D:2      | Reached XP level 4. HP: 44/44 MP: 3/3
  1386 | D:3      | Noticed Jessica
  1402 | D:3      | Killed Jessica
  1452 | D:3      | Noticed Natasha
  1463 | D:3      | Killed Natasha
  1463 | D:3      | Reached skill level 4 in Dodging
  1567 | D:3      | Noticed Crazy Yiuf
  1572 | D:3      | Killed Crazy Yiuf
  1572 | D:3      | Reached XP level 5. HP: 53/53 MP: 4/4
  1646 | D:3      | Noticed Terence
  1675 | D:3      | Killed Terence
  1675 | D:3      | Reached *** piety under Trog
  1705 | D:3      | Noticed Natasha
  1715 | D:3      | Killed Natasha
  1760 | D:3      | Noticed Robin
  1796 | D:3      | Killed Robin
  2116 | D:4      | Found a deep blue altar of Sif Muna.
  2139 | D:4      | Reached XP level 6. HP: 61/61 MP: 5/5
  2260 | D:4      | Found a glowing golden altar of the Shining One.
  2312 | D:4      | Got a scorched rapier
  2519 | D:4      | Slain by an ogre

Skill      XL: |  1  2  3  4 |
---------------+-------------+-----
Dodging        | 3 4 |  4.7
Maces & Flails | 3 |  3.3
Fighting       | 3 |  3.4
Stealth        | |  0.2

Action                   |  1- 3 |  4- 6 || total
-------------------------+-------+-------++-------
Melee: Mace              |   133 |   152 ||   285
Invok: Berserk           |     1 |     2 ||     3
  Use: Scroll            |       |     9 ||     9
 Stab: Sleeping          |       |     1 ||     1
  Eat: Bread ration      |     2 |       ||     2
       Meat ration       |       |     1 ||     1
       Fruit             |       |     1 ||     1
       Beef jerky        |       |     1 ||     1
       Chunk             |       |    10 ||    10
Armor: Animal skin       |   138 |   117 ||   255
Dodge: Dodged            |   181 |   180 ||   361
